 Dungeon Crawl Stone Soup version 0.22-a0-166-g5351223 (webtiles) character file.

188 KristoblXynda the Slasher (level 5, -1/45 HPs)
             Began as a Draconian Berserker on Feb 13, 2018.
             Was a Believer of Trog.
             Slain by an adder (4 damage)
             ... on level 3 of the Dungeon.
             The game lasted 00:03:23 (1678 turns).

KristoblXynda the Slasher (Draconian Berserker)     Turns: 1678, Time: 00:03:24

Health: -1/45      AC:  6    Str: 20    XL:     5   Next: 39%
Magic:  5/5        EV: 13    Int:  8    God:    Trog [**....]
Gold:   126        SH:  0    Dex: 10    Spells: 4/4 levels left

rFire    . . .     SeeInvis .   a - +0 falchion
rCold    . . .     Gourm    .   (no shield)
rNeg     . . .     Faith    .   (armour unavailable)
rPois    .         Spirit   .   (helmet restricted)
rElec    .         Reflect  .   (no cloak)
rCorr    .         Harm     .   j - +0 pair of gloves
MR       ++...                  (no boots)
Stlth    +.........             (no amulet)
HPRegen  1.15/turn              (no ring)
MPRegen  0.09/turn              (no ring)

@: lethally poisoned (-1 -> -1), regenerating
A: unfitting armour, cold-blooded, AC +5
a: Berserk, Trog's Hand, Burn Spellbooks, Renounce Religion


You were on level 3 of the Dungeon.
You worshipped Trog.
Trog was pleased with you.
You were not hungry.

You visited 1 branch of the dungeon, and saw 3 of its levels.

You collected 126 gold pieces.

Inventory:

Hand Weapons
 a - a +0 falchion (weapon)
Armour
 j - a +0 pair of gloves (worn)
Scrolls
 c - 2 scrolls of immolation {unknown}
 e - a scroll of fear {unknown}
 f - 2 scrolls of remove curse {unknown}
 g - a scroll of enchant weapon {unknown}
 h - a scroll of teleportation {unknown}
 i - 2 scrolls of amnesia {unknown}
 l - a scroll of magic mapping {unknown}
Potions
 d - a potion of magic {unknown}
 k - a potion of mutation {unknown}
Comestibles
 b - 5 rations


   Skills:
 - Level 3.2 Fighting
 * Level 4.9 Long Blades
 - Level 2.0 Throwing
 + Level 3.6 Dodging


You had 4 spell levels left.
You didn't know any spells.

Dungeon Overview and Level Annotations

Branches:
Dungeon (3/15)

Altars:
Cheibriados
Makhleb


Innate Abilities, Weirdness & Mutations

Your plain brown scales are hard. (AC +5)
You cannot fit into any form of body armour.
You are cold-blooded and may be slowed by cold attacks.


Message History

You completely miss the adder.
The adder is almost dead.
* * * LOW HITPOINT WARNING * * *
You feel sick. The adder barely misses you. x2
Unknown command.
You miss the adder.
Your tail-slap misses the adder.
The adder is almost dead.
* * * LOW HITPOINT WARNING * * *
You feel sick. The adder barely misses you.
You riposte.
You barely miss the adder.
The adder is almost dead.
Unknown command.
Your skin crawls.
You feel resistant to hostile enchantments.
You feel somewhat more hungry. The adder barely misses you.
Unknown command.
You barely miss the adder.
The adder is almost dead.
You feel sick. The adder bites you.
You die...

#....#.#. ### #####
##### ##.##
##.###...###.## ##.##.
#.#...###.#.#.###.####
#.########.###...####.
##.##..##.## ####.##.#
##.###..## ##..##
###.########### ####
##...@S)........
#≈≈≈≈≈≈≈≈≈≈≈≈≈≈≈
#≈≈≈≈≈≈≈≈≈≈≈≈≈≈≈
##..............
###############


You could see an adder.

Vanquished Creatures
  The ghost of kal9871 the Charmwright, an amateur SpSk (D:3)
  3 gnolls (D:2)
  3 adders
  An ooze (D:3)
  3 worms (D:2)
  4 leopard geckos (D:1)
  2 orcs (D:3)
  4 bats
  A bat zombie (D:2)
  2 giant cockroaches (D:2)
  9 goblins
  4 hobgoblins
  7 kobolds
  A ball python (D:2)
  A frilled lizard (D:1)
  4 rats
50 creatures vanquished.

Notes
Turn   | Place    | Note
-------+----------+-------------------------------------------
     0 | D:1      | KristoblXynda the Draconian Berserker began the quest for the Orb.
     0 | D:1      | Reached XP level 1. HP: 19/19 MP: 1/1
   155 | D:1      | Reached XP level 2. HP: 15/26 MP: 2/2
   617 | D:2      | Reached XP level 3. HP: 31/31 MP: 3/3
   691 | D:2      | Found a burning altar of Makhleb.
   701 | D:2      | Found a transporter.
   705 | D:2      | Found a snail-covered altar of Cheibriados.
   710 | D:2      | Found a transporter.
   729 | D:2      | Reached ** piety under Trog
   730 | D:2      | Reached skill level 1 in Throwing
   842 | D:2      | Reached skill level 4 in Long Blades
  1229 | D:2      | Reached XP level 4. HP: 36/38 MP: 4/4
  1622 | D:3      | Noticed kal9871's ghost (amateur SpSk)
  1626 | D:3      | Killed kal9871's ghost
  1626 | D:3      | Reached XP level 5. HP: 45/45 MP: 5/5
  1676 | D:3      | HP: 2/45 [poisoned by an adder]
  1678 | D:3      | Slain by an adder

Vault maps used:
D:1:      minmay_arrival_stone_box
D:2:      gammafunk_temple_overflow_arena, overflow_temple_1_default,
          first_ration
D:3:      wad_river_or_something, lemuel_round_altar, lemuel_crystal_altar,
          minmay_item_behind_shaft

Skill      XL: |  1  2  3  4 |
---------------+-------------+-----
Dodging        | 3 |  3.6
Throwing       | 1 2 |  2.0
Long Blades    | 4 |  4.9
Fighting       | |  3.2

Action                   |  1- 3 |  4- 6 || total
-------------------------+-------+-------++-------
Melee: Falchion          |    98 |    71 ||   169
       Tailslap          |     8 |     6 ||    14
Invok: Berserk           |     1 |     1 ||     2
       Trog's Hand       |       |     1 ||     1
 Stab: Sleeping          |     2 |       ||     2
  Eat: Chunk             |     2 |     1 ||     3
       Ration            |       |     1 ||     1
Armor: Skin              |    25 |    16 ||    41
Dodge: Dodged            |    76 |    54 ||   130
       Rpst.: Falchion   |    27 |     9 ||    36

Table legend:
 A = Spawn XP
 B = Non-spawn XP
 C = Spawn XP percentage of total XP
 D = Spawn monster count
 E = Non-spawn monster count
 F = Spawn count percentage of total count
 G = Total turns spent on level
                    A         B        C        D         E        F      G
               +---------+---------+-------+---------+---------+-------+---------
         Total |       0 |     269 |   0.0 |       0 |      50 |   0.0 |  1678
               +---------+---------+-------+---------+---------+-------+---------
           D:1 |       0 |      40 |   0.0 |       0 |      20 |   0.0 |   613
           D:2 |       0 |     107 |   0.0 |       0 |      22 |   0.0 |   898
           D:3 |       0 |     122 |   0.0 |       0 |       8 |   0.0 |   167
               +---------+---------+-------+---------+---------+-------+---------
